 Dungeon Crawl Stone Soup version 0.24.0-123-gd5b16e6ec5 (webtiles) character file.

Game seed: 8421557765863908160, levelgen mode: deterministic

77 Jooffin the Sneak (level 4, -4/27 HPs)
             Began as an Octopode Wizard on Jan 19, 2020.
             Slain by a worker ant (7 damage)
             ... on level 2 of the Dungeon on Jan 20, 2020.
             The game lasted 00:16:16 (2114 turns).

Jooffin the Sneak (Octopode Wizard)                 Turns: 2114, Time: 00:16:17

Health: -4/27      AC:  1    Str:  7    XL:     4   Next: 34%
Magic:  18/18      EV: 10    Int: 20    God:
Gold:   73         SH:  0    Dex: 10    Spells: 9/10 levels left

rFire    . . .     SeeInvis .   f - +0 short sword
rCold    . . .     Gourm    .   (no shield)
rNeg     . . .     Faith    .   a - +0 hat
rPois    .         Spirit   .   (no amulet)
rElec    .         Reflect  .   b - ring of magical power
rCorr    .         Harm     .   d - ring of wizardry
MR       .....                  (no ring)
Stlth    +++.......             (no ring)
HPRegen  0.09/turn              (no ring)
MPRegen  0.16/turn              (no ring)
                                (no ring)
                                (no ring)

@: constricted
A: almost no armour, stealthy swim, amphibious, 8 rings, constrict 8, camouflage
1, gelatinous body 1
a: no special abilities


You were on level 2 of the Dungeon.
You were not hungry.

You visited 1 branch of the dungeon, and saw 2 of its levels.

You collected 73 gold pieces.

Inventory:

Hand Weapons
 f - a +0 short sword (weapon)
Armour
 a - a +0 hat (worn)
Jewellery
 b - a ring of magical power (left tentacle)
 d - a ring of wizardry (right tentacle)
Scrolls
 e - a scroll of remove curse {unknown}
 h - 3 scrolls of random uselessness {unknown}
Comestibles
 c - 5 rations
 g - 2 chunks of flesh


   Skills:
 + Level 0.6 Fighting
 + Level 0.7 Short Blades
 + Level 2.4 Dodging
 + Level 3.7 Stealth
 + Level 1.5 Unarmed Combat
 + Level 3.6 Spellcasting
 + Level 1.0 Conjurations
   Level 1.0 Summonings
   Level 1.0 Translocations


You had 9 spell levels left.
You knew the following spells:

 Your Spells              Type           Power        Failure   Level  Hunger
a - Magic Dart            Conj           #...         3%          1    None

Your spell library contained the following spells:

 Spells                   Type           Power        Failure   Level  Hunger
 Blink                    Tloc           N/A          6%          2    ##.....
 Call Imp                 Summ           #.......     6%          2    ##.....
 Slow                     Hex            #.......     9%          2    ##.....
 Conjure Flame            Conj/Fire      #.......     13%         3    ###....
 Mephitic Cloud           Conj/Pois/Air  #.......     14%         3    ###....


Dungeon Overview and Level Annotations

Branches:
Dungeon (2/15)

Altars:


Innate Abilities, Weirdness & Mutations

You cannot wear most types of armour.
You are very stealthy in the water. (Stealth+)
You are amphibious.
You can wear up to eight rings at the same time.
You can use your tentacles to constrict eight enemies at once.
Your skin changes colour to match your surroundings (Stealth+).
Your rubbery body absorbs attacks. (AC +1, EV +1)


Message History

The ball python bites you but does no damage.
The ball python constricts you.
You hit the worker ant.
The worker ant is heavily wounded.
You constrict the worker ant. The worker ant bites you.
* * * LOW HITPOINT WARNING * * *
The ball python bites you.
* * * LOW HITPOINT WARNING * * *
x2 The ball python constricts you.
You hit the worker ant.
The worker ant is heavily wounded.
You constrict the worker ant. The worker ant completely misses you.
The ball python closely misses you. The ball python constricts you.
The worker ant closely misses you.
You hit the worker ant but do no damage.
The worker ant is severely wounded.
You constrict the worker ant. The ball python bites you.
* * * LOW HITPOINT WARNING * * *
The ball python constricts you. The worker ant bites you!
You die...

#......## ..#.<...##
#.#.....# #.#####.##
#.#####รทรท###
#.>..###...########
#.................##
#####.........##........
#.......a@..#..######...
#..[.....S....#...# .
...............##.#
...............# ..#
...............# ...
...............# #.#
.......%....?..# ..
...............#


You could see a worker ant and a ball python.

Vanquished Creatures
  3 adders (D:2)
  An ooze (D:2)
  4 worms (D:2)
  A leopard gecko (D:2)
  2 giant cockroaches (D:1)
  4 goblins
  7 hobgoblins
  A quokka (D:2)
  2 bats
  A frilled lizard (D:1)
  4 kobolds
  4 rats
34 creatures vanquished.

Notes
Turn   | Place    | Note
-------+----------+-------------------------------------------
     0 | D:1      | Jooffin the Octopode Wizard began the quest for the Orb.
     0 | D:1      | Reached XP level 1. HP: 11/11 MP: 4/4
   462 | D:1      | Reached XP level 2. HP: 16/17 MP: 6/6
  1063 | D:2      | Reached XP level 3. HP: 21/21 MP: 7/7
  1197 | D:2      | HP: 1/22 [worm (10)]
  1661 | D:2      | Reached skill level 1 in Unarmed Combat
  1676 | D:2      | Reached XP level 4. HP: 5/27 MP: 9/9
  1679 | D:2      | HP: 1/27 [adder (4)]
  2114 | D:2      | Slain by a worker ant

Levels and vault maps discovered:
D:1:      dpeg_arrival_pits, layout_loops_ring
D:2:      layout_rooms

Skill      XL: |  1  2  3 |
---------------+----------+-----
Stealth        | 3 |  3.7
Unarmed Combat | 1 |  1.5
Fighting       | |  0.6
Short Blades   | |  0.7
Dodging        | |  2.4
Spellcasting   | |  3.6
Conjurations   | |  1.0
Summonings     | |  1.0
Translocations | |  1.0

Action                   |  1- 3 |  4- 6 || total
-------------------------+-------+-------++-------
Melee: Unarmed           |    53 |       ||    53
       Constrict         |    25 |     4 ||    29
       Tentacles         |    14 |     3 ||    17
       Short sword       |    54 |    19 ||    73
       Punch             |     1 |       ||     1
 Cast: Magic Dart        |     8 |       ||     8
  Use: Potion            |     2 |       ||     2
       Scroll            |     1 |       ||     1
 Stab: Sleeping          |     4 |       ||     4
  Eat: Chunk             |     2 |     2 ||     4
Armor: Skin              |     3 |     3 ||     6
Dodge: Dodged            |    69 |    17 ||    86
